 Dungeon Crawl Stone Soup version 0.31-a0-265-gcf7e37af1d (webtiles) character file.

Game seed: 8960654187288173635

1322 qw the Skirmisher (level 8, -5/68 HPs)
             Began as a Minotaur Hexslinger on July 13, 2023.
             Was a Believer of Okawaru.
             Slain by a yak (14 damage)
             ... on level 6 of the Dungeon.
             The game lasted 00:01:52 (4462 turns).

qw the Skirmisher (Minotaur Hexslinger)             Turns: 4462, Time: 00:01:52

Health: -5/68      AC:  7    Str: 13    XL:     8   Next: 33%
Magic:  8/10       EV: 15    Int: 10    God:    Okawaru [**....]
Gold:   140        SH:  0    Dex: 18    Spells: 8/9 levels left

rFire   . . .        Y - +2 sling
rCold   . . .        (no shield)
rNeg    . . .        e - +0 ring mail
rPois   .            (helmet restricted)
rElec   .            (no cloak)
rCorr   .            (no gloves)
SInv    .            d - +0 pair of boots "Linai" {Dex+3}
Will    .....        (no amulet)
Stlth   ++           (no ring)
HPRegen 0.31/turn    (no ring)
MPRegen 0.12/turn

%: no passive effects
@: about to teleport, heroic
A: horns 2, retaliatory headbutt
a: Renounce Religion, Heroism


You were on level 6 of the Dungeon.
You worshipped Okawaru.
Okawaru was pleased with you.
You visited 2 branches of the dungeon, and saw 7 of its levels.

You collected 140 gold pieces.


Innate Abilities, Weirdness & Mutations

You have a pair of horns on your head.
You reflexively headbutt those who attack you in melee.


   Skills:
 - Level 5.3(10.3) Fighting
 + Level 8.0(13.0) Ranged Weapons
 - Level 2.1(7.1) Armour
 - Level 4.1(9.1) Dodging
 - Level 1.0 Spellcasting
 - Level 2.0 Hexes
 - Level 4.0 Invocations


You had 8 spell levels left.
You knew the following spells:

 Your Spells              Type           Power      Damage    Failure   Level
a - Slow                  Hex            16%        N/A       28%         1

Your spell library contained the following spells:

 Spells                   Type           Power      Damage    Failure   Level
 Inner Flame              Hex/Fire       2%         N/A       78%         3
 Portal Projectile        Hex/Tloc       4%         N/A       78%         3
 Cause Fear               Hex            2%         N/A       96%         4

Inventory:

Hand Weapons
 Y - a +2 sling (weapon)
Armour
 d - the +0 pair of boots "Linai" (worn) {Dex+3}
   (You found it on level 2 of the Dungeon)

   Dex:       It affects your dexterity (+3).
 e - a +0 ring mail (worn)
Scrolls
 a - a scroll of identify
Potions
 b - 3 potions of enlightenment
 c - a potion of brilliance {unknown}
 h - a potion of haste
 i - a potion of curing
 j - a potion of attraction {unknown}

Dungeon Overview and Level Annotations

Branches:
Dungeon (6/15)             Temple (1/1) D:4

Altars:
Ashenzari
Cheibriados
Dithmenos
Elyvilon
Gozag
Hepliaklqana
Kikubaaqudgha
Makhleb
Nemelex Xobeh
Okawaru
Qazlal
Trog
Uskayaw
Vehumet
Wu Jian
Xom
The Shining One


Message History

You shoot a sling bullet.
The sling bullet hits the yak but does no damage.
The yak is moderately wounded.
The yak gores you! The hound misses you. The yak gores you but does no damage.
The hound bites you but does no damage. The yak gores you.
You shoot a sling bullet. The sling bullet hits the yak.
The yak is moderately wounded.
The hound bites you but does no damage. The yak misses you. The yak gores you!
4456 ||| INVOKING Heroism.
You gain the combat prowess of a mighty hero.
The hound bites you but does no damage. The yak completely misses you.
You furiously retaliate!
You headbutt the yak. The hound barely misses you. The yak gores you!
The yak misses you.
You shoot a sling bullet.
The sling bullet completely misses the yak.
The hound barely misses you. You furiously retaliate!
You headbutt the hound. You shoot a sling bullet.
The sling bullet hits the yak!
The yak is heavily wounded.
The yak closely misses you. x2; You furiously retaliate!
You headbutt the yak. The yak gores you. The hound closely misses you.
You shoot a sling bullet. The sling bullet hits the yak.
The yak is severely wounded.
The hound bites you. The yak barely misses you. You furiously retaliate!
You headbutt the yak! The yak gores you. The yak barely misses you.
4460 ||| READING scroll of teleportation.
As you read the scroll of teleportation, it crumbles to dust.
You feel strangely unstable. The hound completely misses you.
The yak misses you. You furiously retaliate!
You headbutt the yak!
You kill the yak!
Okawaru is honoured by your kill. The yak gores you but does no damage.
The yak gores you. The hound bites you.
Your base Dodging skill gained 2 levels and is now at level 4!
You shoot a sling bullet. The sling bullet barely misses the yak.
The hound closely misses you. You furiously retaliate!
You headbutt the hound. The yak barely misses you. x2
You shoot a sling bullet. The sling bullet hits the yak.
The yak is moderately wounded.
The hound bites you but does no damage. The yak gores you!
You die...

##########.###.####
>.................#
.######.##.###.#..#
#.##.# #.#..#
#....# #.#..#
#..### #.#..# #..#
#.#..# #..# #.#..#
#@Y# .....#
.~~~~.h%Y......
.~.~~......##..
~~~~~.####.# .~~.~.
.# ~~~~~7 .# ~~~~~
~~.~~


You could see 2 yaks and a hound.

Vanquished Creatures
  A troll (D:5)
  Sigmund (D:4)
  A yak (D:6)
  2 ogres (D:5)
  A phantom (D:4)
  6 hounds
  Jessica (D:3)
  A sleepcap (D:5)
  An iguana (D:5)
  4 orc wizards
  5 adders
  4 gnolls (D:4)
  A shadow imp (D:6)
  2 worms
  A dart slug (D:5)
  14 orcs
  6 bats (D:1)
  9 endoplasms
  3 giant cockroaches (D:1)
  6 goblins
  12 hobgoblins
  6 jackals
  6 kobolds
  4 quokkas
  6 ball pythons
  3 frilled lizards
  4 rats
111 creatures vanquished.

Notes
Turn   | Place    | Note
-------+----------+-------------------------------------------
     0 | D:1      | qw the Minotaur Hexslinger began the quest for the Orb.
     0 | D:1      | Reached XP level 1. HP: 16/16 MP: 1/1
     0 | D:1      | 0 ||| qw: Version: 0.3-a-52-g30416fa
     0 | D:1      | 0 ||| qw: Game counter: 7621
     0 | D:1      | 0 ||| qw: Melee chars always use a shield: true
     0 | D:1      | 0 ||| qw: God list: Okawaru
     0 | D:1      | 0 ||| qw: Allow faded altars: false
     0 | D:1      | 0 ||| qw: Do Orc after clearing Dungeon:15 true
     0 | D:1      | 0 ||| qw: Do second Lair branch before Depths: true
     0 | D:1      | 0 ||| qw: Lair rune preference: random
     0 | D:1      | 0 ||| qw: Goals: Normal
     0 | D:1      | 0 ||| PLANNING D:1-11
   133 | D:1      | Reached skill level 3 in Ranged Weapons
   189 | D:1      | Reached XP level 2. HP: 23/23 MP: 2/2
   681 | D:1      | 681 ||| UPGRADING to +0 ring mail.
   691 | D:1      | 691 ||| DROPPING +0 robe.
   692 | D:1      | 692 ||| READING 2 scrolls labelled JIVVEQ XIQOOTS.
   693 | D:1      | 693 ||| READING scroll labelled CUAKHL ZAFOSEH.
   694 | D:1      | 694 ||| DRINKING 2 cyan potions.
   695 | D:1      | 695 ||| DROPPING scroll of poison.
   728 | D:2      | Reached XP level 3. HP: 29/29 MP: 3/3
   813 | D:2      | Identified the +0 pair of boots "Linai" {Dex+3}
  1061 | D:2      | Reached skill level 4 in Ranged Weapons
  1145 | D:2      | Reached skill level 1 in Armour
  1404 | D:2      | 1404 ||| UPGRADING to +0 pair of boots "Linai" {Dex+3}.
  1409 | D:2      | 1409 ||| DRINKING 2 golden potions.
  1416 | D:2      | 1416 ||| DRINKING 2 fuming red potions.
  1458 | D:2      | 1458 ||| READING 4 scrolls of identify.
  1458 | D:2      | 1458 ||| IDENTIFYING black potion
  1459 | D:2      | 1459 ||| READING 3 scrolls of identify.
  1459 | D:2      | 1459 ||| IDENTIFYING blue potion
  1460 | D:2      | 1460 ||| DROPPING potion of magic.
  1461 | D:2      | 1461 ||| DROPPING potion of ambrosia.
  1462 | D:2      | 1462 ||| DROPPING potion of lignification.
  1498 | D:3      | Reached XP level 4. HP: 36/36 MP: 4/4
  1559 | D:3      | Noticed Jessica
  1570 | D:3      | Killed Jessica
  2098 | D:3      | 2098 ||| READING scroll labelled YSUANU SOIQ.
  2103 | D:3      | 2103 ||| READING 3 scrolls of identify.
  2103 | D:3      | 2103 ||| IDENTIFYING metallic green potion
  2104 | D:3      | 2104 ||| READING 2 scrolls of identify.
  2104 | D:3      | 2104 ||| IDENTIFYING silvery potion
  2105 | D:3      | 2105 ||| DROPPING potion of invisibility.
  2130 | D:4      | Found a staircase to the Ecumenical Temple.
  2131 | D:4      | 2131 ||| PLANNING TEMPLE
  2139 | Temple   | Entered the Ecumenical Temple
  2140 | Temple   | 2140 ||| PLANNING OKAWARU WORSHIP
  2328 | Temple   | Became a worshipper of Warmaster Okawaru
  2329 | Temple   | 2329 ||| PLANNING D:1-11
  2367 | D:4      | Reached skill level 5 in Ranged Weapons
  2469 | D:4      | 2469 ||| Stepping ~*~*~tactically~*~*~ (outnumbered).
  2472 | D:4      | Noticed a phantom
  2473 | D:4      | 2473 ||| Stepping ~*~*~tactically~*~*~ (outnumbered).
  2487 | D:4      | Killed a phantom
  2488 | D:4      | Reached XP level 5. HP: 28/46 MP: 5/5
  2491 | D:4      | HP: 10/46 [orc/+0 club (2)]
  2492 | D:4      | 2492 ||| DRINKING potion of heal wounds.
  2666 | D:4      | Reached * piety under Okawaru
  2667 | D:4      | Reached XP level 6. HP: 48/52 MP: 6/6
  2730 | D:4      | Noticed Sigmund
  2731 | D:4      | 2731 ||| INVOKING Heroism.
  2744 | D:4      | Killed Sigmund
  2745 | D:4      | Reached skill level 6 in Ranged Weapons
  2888 | D:4      | 2888 ||| INVOKING Heroism.
  2911 | D:4      | 2911 ||| INVOKING Heroism.
  2922 | D:4      | 2922 ||| INVOKING Heroism.
  2924 | D:4      | Reached skill level 7 in Ranged Weapons
  3223 | D:4      | Reached skill level 1 in Invocations
  3223 | D:4      | Reached XP level 7. HP: 58/59 MP: 7/7
  3244 | D:4      | 3244 ||| READING scroll labelled KACETW ATELAOG.
  3245 | D:4      | 3245 ||| READING scroll labelled MOTTACVUFE.
  3246 | D:4      | 3246 ||| DRINKING 2 brown potions.
  3250 | D:5      | Entered Level 5 of the Dungeon
  3520 | D:5      | Noticed a troll
  3521 | D:5      | 3521 ||| INVOKING Heroism.
  3530 | D:5      | HP: 10/59 [troll (8)]
  3531 | D:5      | HP: 1/59 [troll (10)]
  3532 | D:5      | Killed a troll
  3533 | D:5      | Reached skill level 8 in Ranged Weapons
  3533 | D:5      | Reached skill level 3 in Invocations
  3760 | D:5      | Reached ** piety under Okawaru
  3774 | D:5      | 3774 ||| INVOKING Heroism.
  3893 | D:5      | 3893 ||| INVOKING Heroism.
  3913 | D:5      | Reached XP level 8. HP: 63/67 MP: 7/10
  4009 | D:5      | 4009 ||| INVOKING Heroism.
  4278 | D:5      | 4278 ||| READING scroll labelled ZAOZIN NOLAZO.
  4279 | D:5      | 4279 ||| READING scroll labelled PIONAWUALOQ.
  4456 | D:6      | 4456 ||| INVOKING Heroism.
  4459 | D:6      | HP: 17/68 [yak (5)]
  4460 | D:6      | 4460 ||| READING scroll of teleportation.
  4460 | D:6      | HP: 8/68 [hound (3)]
  4462 | D:6      | Slain by a yak

Levels and vault maps discovered:
D:1:      lightli_arrival_maybe_door_vault, layout_loops_ring,
          amethyst_killhole, minivault_24
D:2:      layout_basic, st_stairs_14, minmay_pentomino_x2
D:3:      layout_basic, serial_bayou, serial_bayou_ford_a, serial_bayou_pond_e,
          serial_bayou_pond_e, serial_bayou_shore_a, uniq_jessica
D:4:      layout_gridville, minmay_temple_entry_arrows, minmay_cut_off,
          uniq_sigmund
D:5:      corexii_shack_village, layout_gridville, chequers_jeans,
          kennysheep_diamond
D:6:      layout_loops_ring, mainiacjoe_overflow_surrounded_room,
          serial_bayou_pond_b
Temple:   nicolae_temple_bog_church

Skill      XL: |  1  2  3  4  5  6  7  8 |
---------------+-------------------------+-----
Ranged Weapons | 3 4 5 7 8 |  8.0
Fighting       | 2 4 5 |  5.3
Armour         | 1 2 |  2.1
Invocations    | 1 4 |  4.0
Dodging        | 4 |  4.1
Spellcasting   | |  1.0
Hexes          | |  2.0

Action                     |  1- 3 |  4- 6 |  7- 9 || total
---------------------------+-------+-------+-------++-------
   Fire: Sling             |   129 |   139 |   130 ||   398
 Invoke: Heroism           |       |     4 |     5 ||     9
    Use: Scroll            |     4 |     3 |     5 ||    12
         Potion            |     3 |     1 |     1 ||     5
 Armour: Robe              |     4 |       |       ||     4
         Ring mail         |     6 |    47 |    38 ||    91
  Dodge: Dodged            |    34 |    74 |    70 ||   178

Table legend:
 A = Non-vault XP
 B = Vault XP
 C = Vault XP percentage of total XP
 D = Non-vault monster count
 E = Vault monster count
 F = Vault count percentage of total count
                 A         B        C        D         E       F
            +---------+---------+-------+---------+---------+-------
      Total |    1416 |     473 |  25.0 |      93 |      18 |  16.2
            +---------+---------+-------+---------+---------+-------
        D:1 |      40 |       0 |   0.0 |      25 |       0 |   0.0
        D:2 |      37 |      17 |  31.5 |      19 |       3 |  13.6
        D:3 |      17 |      37 |  68.5 |       7 |       1 |  12.5
        D:4 |     336 |     269 |  44.5 |      24 |       4 |  14.3
        D:5 |     777 |     139 |  15.2 |      17 |       9 |  34.6
        D:6 |     209 |      11 |   5.0 |       1 |       1 |  50.0
            +---------+---------+-------+---------+---------+-------
